 Dungeon Crawl Stone Soup version 0.29.0-13-gc9e81de378 (webtiles) character file.

Game seed: 194959813982490422

575 SnakkuSnakku7 the Chucker (level 7, -3/70 HPs)
             Began as an Ogre Enchanter on Sept 8, 2022.
             Slain by a centaur
             ... wielding a +0 short sword
              (8 damage)
             ... on level 4 of the Dungeon.
             The game lasted 00:06:18 (2826 turns).

SnakkuSnakku7 the Chucker (Ogre Enchanter)          Turns: 2826, Time: 00:06:18

Health: -3/70      AC:  7    Str: 13    XL:     7   Next: 35%
Magic:  10/10      EV: 14    Int: 16    God:
Gold:   207        SH:  0    Dex: 11    Spells: 10/10 levels left

rFire   . . .      SeeInvis .   a - +6 hammer of the Original Sin {elec, rElec}
rCold   . . .      Faith    .   (no shield)
rNeg    . . .      Spirit   .   b - +0 robe
rPois   .          Reflect  .   (helmet restricted)
rElec   +          Harm     .   (no cloak)
rCorr   .          Rampage  .   (gloves unavailable)
Will    .....                   (boots unavailable)
Stlth   ++........              (no amulet)
HPRegen 0.21/turn               d - +4 ring of evasion
MPRegen 0.12/turn               p - +4 ring of protection

@: no status effects
A: large, unfitting armour, tough skin 1
a: no special abilities


You were on level 4 of the Dungeon.
You visited 1 branch of the dungeon, and saw 4 of its levels.

You collected 207 gold pieces.

Inventory:

Hand Weapons
 a - the +6 hammer of the Original Sin (weapon) {elec, rElec}
   (You found it on level 3 of the Dungeon)

   It occasionally discharges a powerful burst of electricity upon striking a
   foe.
   rElec:     It insulates you from electricity.
 l - a +1 dagger
 t - the +4 whip of Nyigh {speed, *Rage *Slow Will++ SInv}
   (You found it on level 2 of the Dungeon)

   Attacks with this weapon are significantly faster.
   SInv:      It lets you see invisible.
   *Rage:     It berserks you when you make melee attacks (+20% chance).
   *Slow:     It may slow you when you take damage.
   Will:      It greatly increases your willpower.
Missiles
 n - 6 poisoned darts (quivered)
Armour
 b - a +0 robe (worn)
Jewellery
 d - a +4 ring of evasion (left hand)
 p - a +4 ring of protection (right hand)
 r - a ring of protection from cold
 s - a +4 ring of evasion
Scrolls
 f - 2 scrolls of teleportation {unknown}
 k - 4 scrolls of identify {unknown}
 m - a scroll of poison {unknown}
 u - a scroll of torment {unknown}
Potions
 c - 2 potions of invisibility
 e - 2 potions of brilliance {unknown}
 g - a potion of mutation {unknown}
 h - 4 potions of curing {unknown}
 i - 3 potions of heal wounds {unknown}
 j - 4 potions of lignification {unknown}
 o - a potion of degeneration {unknown}
 q - a potion of ambrosia {unknown}
 v - a potion of haste {unknown}


   Skills:
 - Level 4.1 Fighting
 - Level 0.8 Short Blades
 + Level 4.2 Maces & Flails
 + Level 4.5 Throwing
 - Level 1.7 Dodging
 - Level 2.1 Stealth
 - Level 2.4 Spellcasting
 - Level 2.6 Hexes


You had 10 spell levels left.
You didn't know any spells.
Your spell library contained the following spells:

 Spells                   Type           Power      Damage    Failure   Level
 Ensorcelled Hibernation  Hex/Ice        12%        N/A       17%         2
 Confusing Touch          Hex            10%        N/A       21%         3
 Tukima's Dance           Hex            10%        N/A       21%         3
 Blink                    Tloc           2%         N/A       30%         2
 Dazzling Flash           Conj/Hex       12%        N/A       34%         3
 Inner Flame              Hex/Fire       6%         N/A       34%         3
 Cause Fear               Hex            5%         N/A       54%         4
 Anguish                  Hex/Necr       3%         N/A       75%         4
 Animate Dead             Necr           1%         N/A       89%         4
 Manifold Assault         Tloc           1%         N/A       99%         5
 Enfeeble                 Hex            5%         N/A       100%        7
 Haunt                    Necr/Summ      0%         N/A       100%        7
 Storm Form               Tmut/Air       0%         N/A       100%        7
 Discord                  Hex            5%         N/A       100%        8
 Infestation              Necr           0%         N/A       100%        8


Dungeon Overview and Level Annotations

Branches:
Dungeon (4/15)
 Temple: D:4-7

Altars:
Gozag
Nemelex Xobeh
Zin


Innate Abilities, Weirdness & Mutations

You are too large for most types of armour.
You have tough skin. (AC +1)


Message History

You feel sick.
The centaur shoots an arrow.
The arrow barely misses you.
The centaur shoots an arrow.
The arrow hits you!
You feel sick.
The centaur shoots an arrow.
The arrow completely misses you.
You feel sick.
The centaur shoots an arrow.
The arrow hits you!
* * * LOW HITPOINT WARNING * * *
The centaur shoots an arrow.
The arrow hits you but does no damage.
You feel sick.
The centaur unwields a +0 shortbow.
The centaur wields a +0 short sword.
The centaur misses you.
The centaur kicks you but does no damage.
You closely miss the centaur.
You feel sick.
You are no longer poisoned.
The centaur hits you with a +0 short sword.
* * * LOW HITPOINT WARNING * * *
The centaur barely misses you. The centaur misses you.
The centaur kicks you but does no damage.
You thump the centaur!
The centaur is heavily wounded.
The centaur barely misses you.
The centaur kicks you but does no damage.
The centaur hits you with a +0 short sword.
* * * LOW HITPOINT WARNING * * *
The centaur kicks you but does no damage.
You barely miss the centaur.
The centaur is heavily wounded.
The centaur hits you with a +0 short sword.
* * * LOW HITPOINT WARNING * * *
The centaur closely misses you.
The centaur hits you with a +0 short sword.
* * * LOW HITPOINT WARNING * * *
The centaur kicks you.
* * * LOW HITPOINT WARNING * * *
Okay, then.
You barely miss the centaur.
The centaur is heavily wounded.
The centaur barely misses you. The centaur misses you.
You barely miss the centaur.
The centaur is heavily wounded.
The centaur misses you. The centaur closely misses you.
The centaur hits you with a +0 short sword!
You die...

##### #...##########.
####...#..........
................# ####
###.......c....#
....###....†...@.....#
#...................#
#.##..........[....#
#...........#..#...#
####..####...#.#....#
###.## #..........#
##...# ..###......#
####..### .### .......
.....#####..#


You could see a centaur.

Vanquished Creatures
  Grinder (D:3)
  A black bear (D:3)
  2 scorpions (D:4)
  Crazy Yiuf (D:3)
  Natasha (D:4)
  An iguana (D:4)
  2 adders
  2 worms (D:2)
  2 dart slugs
  10 orcs
  5 endoplasms
  6 giant cockroaches
  3 goblins
  6 hobgoblins
  2 jackals (D:2)
  4 quokkas
  6 ball pythons
  4 bats
  2 frilled lizards
  5 kobolds
  5 rats
71 creatures vanquished.

Notes
Turn   | Place    | Note
-------+----------+-------------------------------------------
     0 | D:1      | SnakkuSnakku7 the Ogre Enchanter began the quest for the
                  | Orb.
     0 | D:1      | Reached XP level 1. HP: 16/16 MP: 3/3
   124 | D:1      | Reached skill level 1 in Fighting
   233 | D:1      | Reached XP level 2. HP: 27/28 MP: 5/5
   722 | D:2      | Reached XP level 3. HP: 23/39 MP: 6/6
  1113 | D:2      | Identified the +4 whip of Nyigh {speed, *Rage *Slow Will++
                  | SInv}
  1224 | D:2      | Found a faded altar of an unknown god.
  1602 | D:3      | Reached XP level 4. HP: 48/48 MP: 7/7
  1665 | D:3      | Reached skill level 1 in Maces & Flails
  1688 | D:3      | Reached skill level 1 in Throwing
  1754 | D:3      | Noticed Grinder
  1764 | D:3      | Killed Grinder
  1765 | D:3      | Reached XP level 5. HP: 54/54 MP: 8/8
  1765 | D:3      | Reached XP level 6. HP: 62/62 MP: 9/9
  1908 | D:3      | Found a sparkling altar of Nemelex Xobeh.
  2099 | D:3      | Found a runed translucent door.
  2100 | D:3      | Noticed Crazy Yiuf
  2107 | D:3      | Killed Crazy Yiuf
  2111 | D:3      | Identified the +6 hammer of the Original Sin {elec, rElec}
  2310 | D:4      | Found a glowing silver altar of Zin.
  2346 | D:4      | Found an opulent altar of Gozag.
  2538 | D:4      | Noticed Natasha
  2545 | D:4      | Killed Natasha
  2641 | D:4      | Noticed a black bear
  2671 | D:3      | Killed a black bear
  2672 | D:3      | Reached XP level 7. HP: 62/70 MP: 10/10
  2826 | D:4      | Slain by a centaur

Illustrated notes

Levels and vault maps discovered:
D:1:      tarquinn_simple_flora_water_d, layout_rooms
D:2:      layout_basic, shapermc_ecumenical_altar_mp_ritualfount
D:3:      wad_pebble_path, layout_basic, nemelex_spade_bored_becter,
          uniq_grinder, uniq_crazy_yiuf_cottage
D:4:      layout_rooms, grunt_temple_overflow_gold_and_silver, minmay_between,
          uniq_natasha

Skill      XL: |  1  2  3  4  5  6  7 |
---------------+----------------------+-----
Fighting       | 2 3 4 |  4.1
Maces & Flails | 2 3 4 |  4.2
Throwing       | 3 4 |  4.5
Short Blades   | |  0.8
Dodging        | |  1.7
Stealth        | |  2.1
Spellcasting   | |  2.4
Hexes          | |  2.6

Action                   |  1- 3 |  4- 6 |  7- 9 || total
-------------------------+-------+-------+-------++-------
Melee: Dagger            |   128 |       |       ||   128
       Whip              |    37 |    43 |       ||    80
       Punch             |     2 |     2 |       ||     4
       Mace              |       |    43 |    16 ||    59
  Use: Potion            |     1 |       |       ||     1
 Stab: Sleeping          |     3 |     2 |     1 ||     6
       Invisible         |     1 |       |       ||     1
Armor: Robe              |    41 |    32 |     9 ||    82
Dodge: Dodged            |   133 |    57 |    19 ||   209
